 Dungeon Crawl Stone Soup version 0.30-a0-605-gb2882149bf (webtiles) character file.

Game seed: 9773942839993148940

307 acebull12 the Grave Robber (level 6, -2/43 HPs)
             Began as a Demonspawn Necromancer on Jan 7, 2023.
             Slain by Menkaure (4 damage)
             ... on level 5 of the Dungeon.
             The game lasted 00:18:16 (4838 turns).

acebull12 the Grave Robber (Demonspawn Necromancer) Turns: 4838, Time: 00:18:17

Health: -2/43      AC: 11    Str:  8    XL:     6   Next: 16%
Magic:  11/11      EV: 12    Int: 18    God:
Gold:   99         SH:  4    Dex: 14    Spells: 11/12 levels left

rFire   + . .      SeeInvis .    k - +4 mace
rCold   . . .      Faith    .    (no shield)
rNeg    . . .      Spirit   .    t - +0 leather armour {rF+}
rPois   .          Reflect  .    (no helmet)
rElec   .          Harm     .    (no cloak)
rCorr   +          Rampage  .    (no gloves)
Will    .....                    (no boots)
Stlth   ++                       (no amulet)
HPRegen 0.27/turn                f - ring of resist corrosion
MPRegen 0.12/turn                i - +4 ring of protection

@: no status effects
A: icemail 1, powered by death 1, condensation shield
a: no special abilities


You were on level 5 of the Dungeon.
You visited 1 branch of the dungeon, and saw 5 of its levels.

You collected 99 gold pieces.

Inventory:

Hand Weapons
 c - a +0 dagger
 k - a +4 mace (weapon)
Missiles
 v - a throwing net
Armour
 a - a +0 robe
 t - a +0 leather armour of fire resistance (worn)
Jewellery
 f - a ring of resist corrosion (left hand)
 i - a +4 ring of protection (right hand)
Wands
 m - a wand of light (5)
Scrolls
 d - 2 scrolls of teleportation
 e - a scroll of fear
 h - a scroll of fog
Potions
 b - a potion of magic
 g - 3 potions of heal wounds
 j - 4 potions of curing
 l - a potion of haste {unknown}
 q - 2 potions of lignification
 s - a potion of attraction {unknown}


   Skills:
 * Level 1.1 Fighting
 + Level 1.1 Short Blades
 + Level 0.5 Maces & Flails
 * Level 1.5 Armour
 + Level 2.3 Dodging
 + Level 2.0 Stealth
 + Level 0.5 Shields
 * Level 3.5 Spellcasting
 * Level 5.9 Necromancy


You had 11 spell levels left.
You knew the following spells:

 Your Spells              Type           Power      Damage    Failure   Level
a - Necrotise             Necr           96%        1d8       1%          1

Your spell library contained the following spells:

 Spells                   Type           Power      Damage    Failure   Level
 Vampiric Draining        Necr           24%        2d7       6%          3
 Animate Dead             Necr           24%        N/A       19%         4
 Agony                    Necr           24%        N/A       47%         5


Dungeon Overview and Level Annotations

Branches:
Dungeon (5/15)
 Temple: D:4-7

Altars:
Qazlal

Shops:
D:2 :

Annotations:
D:4 1 runed translucent door, Crazy Yiuf
D:5 Menkaure


Innate Abilities, Weirdness & Mutations

A meltable icy envelope protects you from harm. (AC +4)
You regenerate a little health from kills.
A meltable shield of frost defends you. (SH +4)


Message History

Level annotation: 1 runed translucent door, Crazy Yiuf
There is a stone staircase leading down here.
There is a stone staircase leading down here.
You climb downwards.
There is a stone staircase leading up here.
Found 4 javelins.
Found an escape hatch in the floor.
There is an escape hatch in the floor here.
You see here 4 javelins.
j - 4 potions of curing (gained 1)
You open the door.
There is an open door here.
e - a scroll of fear You open the door.
Menkaure, Prince of Dust comes into view.
Press: ? - help, v - describe, . - travel
Here: Menkaure The floor.
You close the door.
Menkaure barely misses you.
You completely miss Menkaure. Menkaure hits you!
You hit Menkaure.
Menkaure is moderately damaged.
Menkaure completely misses you.
You hit Menkaure.
Menkaure is moderately damaged.
Menkaure calls on the powers of darkness!
Your body is wracked with pain!
You hit Menkaure.
Menkaure is heavily damaged.
Menkaure hits you!
* * * LOW HITPOINT WARNING * * *
You hit Menkaure but do no damage.
Menkaure is heavily damaged.
Menkaure hits you.
* * * LOW HITPOINT WARNING * * *
Unknown command.
You barely miss Menkaure.
Menkaure is heavily damaged.
Menkaure hits you but does no damage. Menkaure hits you.
You die...

.. #.. .# #.. .# .M. #
... .#..#.# ... .#.#.
... ... #.# ##+## # #.#
##...#.# #.####
##...@M.# #.##.##
##.......#
##.#...####.........#
......^...'...........
.......####.............
.###..## ##.......#####
.# #.## ##.....## .# #.#
##...## .. ..# #+##


You could see Menkaure.

Vanquished Creatures
  A hound (D:4)
  An orc priest (D:4)
  Natasha (thrice) (D:4)
  Ijyb (D:4)
  4 adders
  2 worms
  2 dart slugs
  11 orcs
  4 bats
  7 endoplasms
  2 giant cockroaches
  6 hobgoblins
  4 jackals
  7 kobolds
  2 quokkas
  9 ball pythons
  4 frilled lizards
  6 goblins
  7 rats
83 creatures vanquished.

Vanquished Creatures (collateral kills)
  A worm (D:2)
  An endoplasm (D:1)
  A hobgoblin (D:2)
  2 jackals
  A kobold (D:2)
6 creatures vanquished.

Grand Total: 89 creatures vanquished

Notes
Turn   | Place    | Note
-------+----------+-------------------------------------------
     0 | D:1      | acebull12 the Demonspawn Necromancer began the quest for
                  | the Orb.
     0 | D:1      | Reached XP level 1. HP: 13/13 MP: 3/3
   274 | D:1      | Gained mutation: A meltable shield of frost defends you.
                  | (SH +4) [demonic ancestry]
   274 | D:1      | Reached XP level 2. HP: 19/19 MP: 0/5
   710 | D:1      | Reached skill level 5 in Necromancy
   958 | D:1      | Reached XP level 3. HP: 24/24 MP: 4/6
  1266 | D:2      | Found a stormy altar of Qazlal.
  1387 | D:2      | Reached skill level 1 in Short Blades
  1662 | D:2      | Gained mutation: You regenerate a little health from kills.
                  | [demonic ancestry]
  1662 | D:2      | Reached XP level 4. HP: 30/30 MP: 3/7
  1942 | D:2      | Found Zuqehumn's Book Shop.
  3451 | D:4      | Noticed Natasha
  3462 | D:4      | Killed Natasha
  3463 | D:4      | Reached XP level 5. HP: 14/36 MP: 7/9
  3550 | D:4      | Reached skill level 1 in Armour
  3679 | D:4      | Found a runed translucent door.
  3680 | D:4      | Noticed Crazy Yiuf
  3716 | D:4      | Noticed Ijyb
  3721 | D:4      | Noticed Natasha
  4016 | D:4      | Killed Ijyb
  4017 | D:4      | Reached skill level 1 in Fighting
  4233 | D:4      | Killed Natasha
  4250 | D:4      | Gained mutation: A meltable icy envelope protects you from
                  | harm. (AC +4) [demonic ancestry]
  4250 | D:4      | Reached XP level 6. HP: 31/43 MP: 10/10
  4540 | D:5      | Entered Level 5 of the Dungeon
  4625 | D:4      | Noticed Natasha
  4632 | D:4      | Killed Natasha
  4822 | D:5      | Noticed Menkaure
  4837 | D:5      | HP: 2/43 [Menkaure (2)]
  4838 | D:5      | Slain by Menkaure

Illustrated notes

Levels and vault maps discovered:
D:1:      spicycebolla_arrival_ecumenical, layout_basic
D:2:      kennysheep_six_static_rooms, layout_loops_ring, basic_altar,
          serial_shops, nicolae_shop_temple_entry_statues_fountains
D:3:      layout_basic, zin_statuary, nicolae_elevator_lobby_asterisk
D:4:      layout_basic, hex_intersection, uniq_natasha, uniq_ijyb,
          uniq_crazy_yiuf_cottage
D:5:      layout_loops_corners, mainiacjoe_overflow_big_doors,
          minmay_temple_entry_tees, uniq_menkaure, uniq_grinder

Skill      XL: |  1  2  3  4  5 |
---------------+----------------+-----
Dodging        | 2 |  2.3
Necromancy     | 5 |  5.9
Short Blades   | 1 |  1.1
Spellcasting   | 3 |  3.5
Armour         | 1 |  1.5
Fighting       | 1 |  1.1
Stealth        | 2 |  2.0
Maces & Flails | |  0.5
Shields        | |  0.5

Action                   |  1- 3 |  4- 6 || total
-------------------------+-------+-------++-------
Melee: Dagger            |    40 |       ||    40
       Punch             |     1 |       ||     1
       Mace              |       |    62 ||    62
 Cast: Necrotise         |    65 |    57 ||   122
  Use: Scroll            |       |    10 ||    10
 Stab: Sleeping          |       |     1 ||     1
Armor: Robe              |     7 |    11 ||    18
       Leather armour    |       |    10 ||    10
Dodge: Dodged            |    20 |    24 ||    44
Block: Other             |     9 |     9 ||    18

Table legend: (Time is in decaauts)
 A = Elapsed time spent in this place.
 B = Non-inter-level travel time spent in this place.
 C = Inter-level travel time spent in this place.
 D = Time resting spent in this place.
 E = Time spent auto-exploring this place.
 F = Levels seen in this place.
 G = Mean time per level.
                   A        B        C        D        E       F      G
               +--------+--------+--------+--------+--------+-----+--------+
         Total |   4865 |   4245 |    620 |    216 |   3176 |   5 |  973.0 |
       Dungeon |   4865 |   4245 |    620 |    216 |   3176 |   5 |  973.0 |
               +--------+--------+--------+--------+--------+-----+--------+

Top non-repeatable levels by time:
     D:2: 1402 daAuts
     D:1: 1279 daAuts
     D:4: 1149 daAuts
     D:3: 891 daAuts
     D:5: 143 daAuts
